 Dungeon Crawl Stone Soup version 0.31-a0-180-g519b7de00c (webtiles) character file.

Game seed: 10785276283394434974

83 qw the Shooter (level 4, -10/40 HPs)
             Began as a Naga Hunter on June 19, 2023.
             Mangled by Sigmund
             ... wielding a +0 scythe
              (14 damage)
             ... on level 2 of the Dungeon.
             The game lasted 00:00:24 (707 turns).

qw the Shooter (Naga Hunter)                         Turns: 707, Time: 00:00:25

Health: -10/40     AC:  2    Str: 13    XL:     4   Next: 44%
Magic:  4/4        EV:  9    Int:  9    God:
Gold:   30         SH:  0    Dex: 17    Spells: 3/3 levels left

rFire   . . .        a - +0 shortbow
rCold   . . .        (shield currently unavailable)
rNeg    . . .        c - +0 leather armour
rPois   +            (no helmet)
rElec   .            (no cloak)
rCorr   .            (no gloves)
SInv    +            (no barding)
Will    .....        (no amulet)
Stlth   ++           (no ring)
HPRegen 0.26/turn    (no ring)
MPRegen 0.09/turn

%: no passive effects
@: short of breath, very slow
A: AC +1, large, see invisible, deformed body, poison resistance, slowness 2,
spit poison 1, naga tail 1
a: Spit Poison


You were on level 2 of the Dungeon.
You visited 1 branch of the dungeon, and saw 2 of its levels.

You collected 58 gold pieces.
You spent 28 gold pieces at shops.


Innate Abilities, Weirdness & Mutations

Your serpentine skin is tough. (AC +1)
You have supernaturally acute eyesight. (SInv)
Armour fits poorly on your strangely shaped body.
Your system is resistant to poisons. (rPois)
You cover ground very slowly.
You can spit poison.
You have a snake-like lower body.


   Skills:
 + Level 2.5 Fighting
 - Level 5.0 Ranged Weapons
 - Level 1.5 Dodging
 - Level 1.5 Stealth


You had 3 spell levels left.
You didn't know any spells.
Your spell library was empty.

Inventory:

Hand Weapons
 a - a +0 shortbow (weapon)
Armour
 c - a +0 leather armour (worn)
Scrolls
 b - a scroll of fog {unknown}
 e - a scroll of identify
Potions
 d - a potion of magic {unknown}

Dungeon Overview and Level Annotations

Branches:
Dungeon (2/15)

Altars:
Yredelemnul

Shops:
D:1 ?

Annotations:
D:2 Sigmund


Message History

The bat barely misses you. Sigmund gestures at you while chanting.
The magic dart hits you! The bat hits you but does no damage.
698 ||| INVOKING Spit Poison.
Aiming: Spit Poison (1% risk of failure)
Press: ? - help, Shift-Dir - straight line, f - bat The splash of poison misses the bat.
The bat closely misses you. The bat hits you but does no damage.
Sigmund hits you but does no damage.
You shoot an arrow. The arrow barely misses the bat.
The bat closely misses you. The bat barely misses you.
Sigmund hits you from afar with a +0 scythe!
A ball python comes into view.
The bat hits you.
You shoot an arrow. The arrow closely misses the bat.
The ball python hisses angrily.
The bat hits you but does no damage. x2; The bat closely misses you.
Sigmund barely misses you.
You shoot an arrow. The arrow hits the bat!
You kill the bat!
Sigmund hits you from afar with a +0 scythe!
You shoot an arrow. The arrow hits Sigmund.
Sigmund is heavily wounded.
You have got your breath back.
703 ||| INVOKING Spit Poison.
Aiming: Spit Poison (1% risk of failure)
Press: ? - help, Shift-Dir - straight line, f - ball python, p - Sigmund The splash of poison hits the ball python!
The ball python is poisoned.
You kill the ball python!
Sigmund closely misses you.
You shoot an arrow. The arrow closely misses Sigmund.
Sigmund barely misses you.
You shoot an arrow. The arrow hits Sigmund.
Sigmund is severely wounded.
You shoot an arrow. The arrow barely misses Sigmund.
Sigmund barely misses you.
You shoot an arrow. The arrow barely misses Sigmund.
Sigmund hits you from afar with a +0 scythe!
You die...

... ###.. #
.#.) # .#. .
...#. .....
....
#..#.##.@#.#
...#%....#
#.#@# ###...#
#.....###
#.......##
#.._..#..###
#..........#
###+#
#..........##
##...#
####.#......#
#.....
#).......#
##.....


You could see Sigmund (strong).

Vanquished Creatures
  Jessica (D:2)
  An adder (D:2)
  2 dart slugs
  5 endoplasms
  2 giant cockroaches
  5 goblins
  6 hobgoblins (D:1)
  4 quokkas (D:1)
  5 ball pythons
  5 bats
  2 kobolds (D:1)
  3 rats (D:1)
41 creatures vanquished.

Notes
Turn   | Place    | Note
-------+----------+-------------------------------------------
     0 | D:1      | qw the Naga Hunter began the quest for the Orb.
     0 | D:1      | Reached XP level 1. HP: 19/19 MP: 1/1
     0 | D:1      | 0 ||| qw: Version: 0.3-a-7-ge0c9b40
     0 | D:1      | 0 ||| qw: Game counter: 982
     0 | D:1      | 0 ||| qw: Always use a shield: true
     0 | D:1      | 0 ||| qw: God list: Okawaru
     0 | D:1      | 0 ||| qw: Allow faded altars: false
     0 | D:1      | 0 ||| qw: Do Orc after D:15 true
     0 | D:1      | 0 ||| qw: Do second Lair branch before Depths: true
     0 | D:1      | 0 ||| qw: Lair rune preference: random
     0 | D:1      | 0 ||| qw: Plans: Normal
     0 | D:1      | 0 ||| PLANNING D:1-11
    34 | D:1      | 34 ||| INVOKING Spit Poison.
    38 | D:1      | 38 ||| INVOKING Spit Poison.
    39 | D:1      | 39 ||| INVOKING Spit Poison.
    56 | D:1      | 56 ||| INVOKING Spit Poison.
    60 | D:1      | 60 ||| INVOKING Spit Poison.
    61 | D:1      | Reached skill level 4 in Ranged Weapons
    61 | D:1      | Reached XP level 2. HP: 26/26 MP: 2/2
    65 | D:1      | 65 ||| INVOKING Spit Poison.
    89 | D:1      | 89 ||| INVOKING Spit Poison.
    94 | D:1      | 94 ||| INVOKING Spit Poison.
    97 | D:1      | 97 ||| INVOKING Spit Poison.
   115 | D:1      | 115 ||| INVOKING Spit Poison.
   155 | D:1      | 155 ||| INVOKING Spit Poison.
   161 | D:1      | 161 ||| INVOKING Spit Poison.
   232 | D:1      | 232 ||| INVOKING Spit Poison.
   233 | D:1      | Reached XP level 3. HP: 32/32 MP: 3/3
   237 | D:1      | 237 ||| INVOKING Spit Poison.
   245 | D:1      | 245 ||| INVOKING Spit Poison.
   249 | D:1      | 249 ||| INVOKING Spit Poison.
   267 | D:1      | 267 ||| INVOKING Spit Poison.
   273 | D:1      | 273 ||| INVOKING Spit Poison.
   280 | D:1      | 280 ||| INVOKING Spit Poison.
   486 | D:1      | 486 ||| INVOKING Spit Poison.
   504 | D:1      | Found Iffo's Magic Scroll Boutique.
   508 | D:1      | 508 ||| SHOPLISTING scroll of enchant weapon (105 gold,
                  | have 37).
   508 | D:1      | 508 ||| BUYING scroll of identify (28 gold).
   508 | D:1      | Bought a scroll of identify for 28 gold pieces
   508 | D:1      | 508 ||| SHOPLISTING scroll of identify (28 gold, have 9).
   513 | D:1      | 513 ||| INVOKING Spit Poison.
   516 | D:1      | 516 ||| INVOKING Spit Poison.
   534 | D:1      | 534 ||| DROPPING scroll of butterflies.
   599 | D:2      | Noticed Jessica
   601 | D:2      | Killed Jessica
   602 | D:2      | Reached skill level 5 in Ranged Weapons
   602 | D:2      | Reached XP level 4. HP: 39/39 MP: 4/4
   607 | D:2      | 607 ||| INVOKING Spit Poison.
   613 | D:2      | 613 ||| INVOKING Spit Poison.
   641 | D:2      | 641 ||| INVOKING Spit Poison.
   672 | D:2      | Found a basalt altar of Yredelemnul.
   686 | D:2      | Noticed Sigmund
   687 | D:2      | 687 ||| INVOKING Spit Poison.
   691 | D:2      | 691 ||| INVOKING Spit Poison.
   698 | D:2      | 698 ||| INVOKING Spit Poison.
   699 | D:2      | HP: 9/40 [Sigmund/+0 scythe (7)]
   701 | D:2      | HP: 2/40 [Sigmund/+0 scythe (7)]
   703 | D:2      | 703 ||| INVOKING Spit Poison.
   707 | D:2      | Mangled by Sigmund

Levels and vault maps discovered:
D:1:      onia_arrival_mini_spirals, layout_basic, serial_shops, shop
D:2:      layout_basic, ebering_ecumenical_altar_abandoned, basic_altar,
          minmay_misc_feat_four_crosses, uniq_jessica, uniq_sigmund

Skill      XL: |  1  2  3 |
---------------+----------+-----
Ranged Weapons | 4 5 |  5.0
Fighting       | |  2.5
Dodging        | |  1.5
Stealth        | |  1.5

Action                     |  1- 3 |  4- 6 || total
---------------------------+-------+-------++-------
   Fire: Shortbow          |    61 |    36 ||    97
Ability: Spit Poison       |    21 |     7 ||    28
 Armour: Leather armour    |     5 |     8 ||    13
  Dodge: Dodged            |    11 |    17 ||    28

Table legend:
 A = Non-vault XP
 B = Vault XP
 C = Vault XP percentage of total XP
 D = Non-vault monster count
 E = Vault monster count
 F = Vault count percentage of total count
                 A         B        C        D         E       F
            +---------+---------+-------+---------+---------+-------
      Total |      82 |      37 |  31.1 |      40 |       1 |   2.4
            +---------+---------+-------+---------+---------+-------
        D:1 |      48 |       0 |   0.0 |      28 |       0 |   0.0
        D:2 |      34 |      37 |  52.1 |      12 |       1 |   7.7
            +---------+---------+-------+---------+---------+-------
